 Dungeon Crawl Stone Soup version 0.29.1-1-gd02db6906a (webtiles) character file.

Game seed: 16477280586740302921

567 H0rd4k the Ducker (level 7, 0/52 HPs)
             Began as a Human Artificer on Sept 23, 2022.
             Slain by an orc wizard
             ... wielding a +2 dagger of venom
              (3 damage)
             ... on level 5 of the Dungeon.
             The game lasted 00:04:26 (3297 turns).

H0rd4k the Ducker (Human Artificer)                 Turns: 3297, Time: 00:04:27

Health: 0/52       AC:  5    Str: 12    XL:     7   Next: 59%
Magic:  18/18      EV: 13    Int: 13    God:
Gold:   144        SH:  0    Dex: 14    Spells: 9/9 levels left

rFire   . . .      SeeInvis .   A - +0 flail
rCold   . . .      Faith    .   (no shield)
rNeg    . . .      Spirit   .   b - +0 leather armour
rPois   .          Reflect  .   (no helmet)
rElec   .          Harm     .   h - +1 cloak
rCorr   .          Rampage  .   (no gloves)
Will    .....                   (no boots)
Stlth   +.........              g - amulet of regeneration
HPRegen 0.97/turn               s - ring of magical power
MPRegen 0.16/turn               (no ring)

@: lethally poisoned (0 -> -5)
A: no striking features
a: no special abilities


You were on level 5 of the Dungeon.
You visited 1 branch of the dungeon, and saw 5 of its levels.

You collected 144 gold pieces.

Inventory:

Hand Weapons
 a - a +0 club
 A - a +0 flail (weapon)
Missiles
 z - 2 throwing nets
Armour
 b - a +0 leather armour (worn)
 h - a +1 cloak (worn)
Magical Staves
 y - a staff of conjuration
Jewellery
 g - an amulet of regeneration (around neck)
 s - a ring of magical power (left hand)
Wands
 d - a wand of charming (7)
 e - a wand of iceblast (1)
 C - a wand of quicksilver (10)
Scrolls
 f - a scroll of silence {unknown}
 i - a scroll of poison {unknown}
 l - 6 scrolls of identify {unknown}
 m - a scroll of summoning {unknown}
 n - a scroll of vulnerability {unknown}
 o - a scroll of noise {unknown}
 u - a scroll of torment {unknown}
 v - 2 scrolls of teleportation {unknown}
 w - a scroll of enchant weapon {unknown}
Potions
 j - a potion of degeneration {unknown}
 k - a potion of brilliance {unknown}
 p - a potion of resistance {unknown}
 q - 2 potions of magic {unknown}
 r - 2 potions of cancellation {unknown}
 t - 5 potions of curing {unknown}
 x - a potion of flight {unknown}
 B - 3 potions of invisibility {unknown}


   Skills:
 + Level 3.3 Fighting
 - Level 3.9 Maces & Flails
 - Level 2.0 Armour
 + Level 4.7 Dodging
 - Level 1.0 Stealth
 * Level 1.9 Spellcasting
 - Level 3.0 Evocations


You had 9 spell levels left.
You didn't know any spells.
Your spell library contained the following spells:

 Spells                   Type           Power      Damage    Failure   Level
 Sting                    Tmut/Pois      4%         1d3       32%         1
 Poisonous Vapours        Pois/Air       2%         N/A       45%         2
 Scorch                   Fire           2%         2d5       45%         2
 Frozen Ramparts          Ice            2%         1d1       69%         3
 Inner Flame              Hex/Fire       1%         N/A       69%         3
 Cause Fear               Hex            0%         N/A       97%         4
 Flame Wave               Conj/Fire      1%         2d4       97%         4
 Hailstorm                Conj/Ice       1%         3d3       97%         4
 Ice Form                 Ice/Tmut       1%         N/A       97%         4
 Olgreb's Toxic Radiance  Pois           1%         N/A       97%         4
 Summon Ice Beast         Ice/Summ       1%         N/A       97%         4
 Simulacrum               Ice/Necr       0%         N/A       100%        6
 Summon Cactus Giant      Summ           0%         N/A       100%        6
 Discord                  Hex            0%         N/A       100%        8


Dungeon Overview and Level Annotations

Branches:
Dungeon (5/15)
 Temple: D:4-7

Altars:


Message History

Aiming: Throw Flame
Press: ? - help, Shift-Dir - straight line The puff of flame hits something.
The now-empty wand crumbles to dust.
Something hits you.
* * * LOW HITPOINT WARNING * * *
Unknown command.
You closely miss something. Something hits you.
* * * LOW HITPOINT WARNING * * *
You are poisoned.
Something hits you.
* * * LOW HITPOINT WARNING * * *
You are more poisoned.
You don't have any such object.
Evoke which item? (* to show all) (? for menu, Esc to quit)
That's the wrong kind of item! (Use * to select it.) Evoke which item? (* to show all) (? for menu, Esc to quit)
That's the wrong kind of item! (Use * to select it.) Evoke which item? (* to show all) (? for menu, Esc to quit)
Okay, then.
Unknown command.
You don't have any such object.
Evoke which item? (* to show all) (? for menu, Esc to quit)
That's the wrong kind of item! (Use * to select it.) Evoke which item? (* to show all) (? for menu, Esc to quit)
Okay, then.
Unknown command.
Aiming: Charm
Press: ? - help, Shift-Dir - straight line Nothing appears to happen.
You feel very sick. Something hits you.
* * * LOW HITPOINT WARNING * * *
You are lethally poisoned!
Aiming: Charm
Press: ? - help, Shift-Dir - straight line Nothing appears to happen.
* * * LOW HITPOINT WARNING * * *
You feel very sick. Something hits you.
You die...

.. .. o.. #. ..
#. #.#
#.##.#####
#........#
###.......#
####.........#
#.@))#...)...#
#.####.......#
#.# #..o...<#
.............#
........o....$#
...........#####
..........###
#..........#
.......#


There were no monsters in sight!

Vanquished Creatures
  Sigmund (D:2)
  Dowan (D:4)
  A gnoll bouda (D:4)
  Natasha (D:2)
  2 orc wizards (D:5)
  2 adders
  3 gnolls (D:4)
  A worm (D:2)
  4 dart slugs
  3 orcs
  5 endoplasms
  A giant cockroach (D:1)
  5 goblins
  9 hobgoblins
  8 jackals
  5 kobolds
  2 quokkas
  10 ball pythons
  7 bats
  3 frilled lizards
  8 rats
82 creatures vanquished.

Vanquished Creatures (collateral kills)
  Duvessa (D:4)
  An orc priest (D:5)
  A goblin (D:4)
3 creatures vanquished.

Vanquished Creatures (others)
  An orc wizard (D:5)
1 creature vanquished.

Grand Total: 86 creatures vanquished

Notes
Turn   | Place    | Note
-------+----------+-------------------------------------------
     0 | D:1      | H0rd4k the Human Artificer began the quest for the Orb.
     0 | D:1      | Reached XP level 1. HP: 15/15 MP: 1/1
    41 | D:1      | Reached XP level 2. HP: 19/21 MP: 2/2
    98 | D:1      | Reached skill level 1 in Maces & Flails
   207 | D:1      | Reached XP level 3. HP: 26/26 MP: 3/3
   844 | D:2      | Reached skill level 2 in Dodging
   844 | D:2      | Reached XP level 4. HP: 33/33 MP: 4/4
   869 | D:2      | Noticed Natasha
   871 | D:2      | Found a faded altar of an unknown god.
   878 | D:2      | Killed Natasha
  1273 | D:2      | Noticed Sigmund
  1285 | D:2      | Killed Sigmund
  1286 | D:2      | Reached skill level 3 in Dodging
  1286 | D:2      | Reached XP level 5. HP: 26/39 MP: 5/5
  1286 | D:2      | Reached XP level 6. HP: 31/46 MP: 6/6
  2973 | D:4      | Noticed Duvessa
  2973 | D:4      | Noticed Dowan
  2983 | D:4      | Killed Duvessa
  2984 | D:4      | Reached skill level 4 in Dodging
  2984 | D:4      | Reached skill level 1 in Spellcasting
  2984 | D:4      | Reached XP level 7. HP: 27/52 MP: 9/9
  3024 | D:4      | Killed Dowan
  3239 | D:5      | Entered Level 5 of the Dungeon
  3297 | D:5      | Slain by an orc wizard

Illustrated notes

Levels and vault maps discovered:
D:1:      onia_arrival_pyramid, layout_rooms
D:2:      layout_basic, hellmonk_ecumenical_altar_arch_garden, uniq_sigmund,
          uniq_natasha
D:3:      layout_loops_ring
D:4:      layout_basic, uniq_duvessa
D:5:      layout_rooms, minmay_temple_entry_wispy, serial_shops, shop

Skill      XL: |  1  2  3  4  5  6 |
---------------+-------------------+-----
Maces & Flails | 1 2 3 |  3.9
Dodging        | 2 3 4 |  4.7
Fighting       | 2 3 |  3.3
Spellcasting   | 1 |  1.9
Armour         | |  2.0
Stealth        | |  1.0
Evocations     | |  3.0

Action                   |  1- 3 |  4- 6 |  7- 9 || total
-------------------------+-------+-------+-------++-------
Melee: Club              |   164 |   276 |       ||   440
       Punch             |     2 |     3 |     1 ||     6
       Flail             |       |    19 |    25 ||    44
Evoke: Wand              |     1 |    15 |    12 ||    28
 Stab: Sleeping          |     3 |     1 |       ||     4
       Distracted        |       |     1 |       ||     1
Armor: Leather armour    |    80 |   103 |    17 ||   200
Dodge: Dodged            |   134 |   210 |    15 ||   359
